 Dungeon Crawl Stone Soup version 0.29.1-12-g30fa7ad0bf (webtiles) character file.

Game seed: 1809890938208604568

2810 cheesebisquit the Covert (level 9, -1/42 HPs)
             Began as a Vine Stalker Brigand on Jan 15, 2023.
             Was a Believer of Uskayaw.
             Slain by a boulder beetle (9 damage)
             ... on level 7 of the Dungeon.
             The game lasted 00:27:55 (6188 turns).

cheesebisquit the Covert (Vine Stalker Brigand)     Turns: 6188, Time: 00:27:55

Health: -1/42      AC:  8    Str: 14    XL:     9   Next: 72%
Magic:  0/10       EV: 26    Int: 23    God:    Uskayaw [**....]
Gold:   348        SH:  0    Dex: 20    Spells: 8/8 levels left

rFire   . . .      SeeInvis +   s - +3 dagger (holy)
rCold   + . .      Faith    .   (no shield)
rNeg    . . .      Spirit   +   z - +1 leather armour
rPois   .          Reflect  .   H - +2 helmet {Int+3}
rElec   .          Harm     .   E - +0 cloak "Ofino" {rC+ Int+9}
rCorr   .          Rampage  .   (no gloves)
Will    +....                   (no boots)
Stlth   +++++.....              F - amulet of the acrobat
HPRegen 0.94/turn               m - ring of see invisible
MPRegen 0.12/turn               (no ring)

@: acrobatic
A: fangs 3, regeneration 1, magic shield, antimagic bite, no potion heal 2
a: Renounce Religion, Stomp, Line Pass


You were on level 7 of the Dungeon.
You worshipped Uskayaw.
Uskayaw was noncommittal.
You visited 2 branches of the dungeon, and saw 8 of its levels.

You collected 348 gold pieces.

Inventory:

Hand Weapons
 s - a +3 dagger of holy wrath (weapon)
Missiles
 d - 9 poisoned darts (quivered)
 e - 3 curare-tipped darts
 g - a throwing net
 j - 59 stones
Armour
 n - a +3 chain mail of fire resistance
 r - a +0 scale mail
 z - a +1 leather armour (worn)
 E - the +0 cloak "Ofino" (worn) {rC+ Int+9}
   (You found it on level 5 of the Dungeon)

   Int:       It affects your intelligence (+9).
   rC:        It protects you from cold.
 H - a +2 helmet of intelligence (worn)
Jewellery
 h - an amulet of reflection
 m - a ring of see invisible (left hand)
 o - an amulet of magic regeneration
 F - an amulet of the acrobat (around neck)
Wands
 f - a wand of light (8)
 y - a wand of iceblast (4)
Scrolls
 c - a scroll of fear {unknown}
 i - 2 scrolls of vulnerability
 k - 4 scrolls of magic mapping
 l - a scroll of butterflies
 p - a scroll of enchant weapon
 q - 2 scrolls of blinking
 t - a scroll of summoning
 v - a scroll of torment {unknown}
 A - a scroll of poison {unknown}
 B - 2 scrolls of enchant armour
 C - a scroll of amnesia {unknown}
 G - 2 scrolls of teleportation
Potions
 a - a potion of curing
 b - 4 potions of degeneration
 u - a potion of lignification {unknown}
 w - 2 potions of attraction
 x - a potion of heal wounds {unknown}
 D - 2 potions of brilliance {unknown}


   Skills:
 - Level 1.7 Fighting
 + Level 8.7 Short Blades
 - Level 1.7 Throwing
 - Level 0.7 Dodging
 + Level 12.8 Stealth


You had 8 spell levels left.
You didn't know any spells.
Your spell library contained the following spells:

 Spells                   Type           Power      Damage    Failure   Level
 Magic Dart               Conj           0%         1d3       21%         1
 Sandblast                Erth           0%         2d4       21%         1
 Passwall                 Tmut/Erth      0%         N/A       30%         2
 Searing Ray              Conj           0%         2d4       30%         2
 Conjure Flame            Conj/Fire      0%         6-21      52%         3
 Ignite Poison            Fire/Tmut/Pois 0%         N/A       52%         3
 Stone Arrow              Conj/Erth      0%         3d7       52%         3
 Fulminant Prism          Conj/Hex       0%         3d6       89%         4
 Sticky Flame             Conj/Fire      0%         2d3       89%         4
 Summon Forest            Summ/Tloc      0%         N/A       99%         5
 Summon Mana Viper        Hex/Summ       0%         N/A       99%         5
 Summon Cactus Giant      Summ           0%         N/A       100%        6


Dungeon Overview and Level Annotations

Branches:
Dungeon (7/15)             Temple (1/1) D:7

Altars:
Ashenzari
Cheibriados
Dithmenos
Elyvilon
Fedhas
Hepliaklqana
Kikubaaqudgha
Makhleb
Nemelex Xobeh
Okawaru
Qazlal
Ru
Sif Muna
Trog
Uskayaw
Vehumet
Wu Jian
Xom
Yredelemnul
The Shining One

Annotations:
D:4 4 runed translucent doors, Crazy Yiuf; LustLizard's ghost, amateur HOFE


Innate Abilities, Weirdness & Mutations

You have razor-sharp teeth.
Your natural rate of healing is unusually fast.
When hurt, damage is shared between your health and your magic reserves.
Your bite disrupts and absorbs the magic of your enemies.
Potions cannot restore your health.


Message History

Your bite misses the steam dragon.
The steam dragon is moderately wounded.
You are engulfed in a cloud of scalding steam.
The steam dragon misses you. The steam dragon completely misses you.
You hit the steam dragon. You bite the steam dragon! You drain its power.
The steam dragon is severely wounded.
The steam dragon bites you. The steam dragon claws you.
You can now pass through a line of other dancers.
You completely miss the steam dragon.
The steam dragon is severely wounded.
You hit the steam dragon but do no damage.
You bite the steam dragon. You drain its power.
You feel invigorated.
The steam dragon is severely wounded.
The steam dragon bites you but does no damage.
The steam dragon barely misses you. The boulder beetle hits you!!
The boulder beetle stops rolling and uncurls.
You hit the steam dragon.
The steam dragon is almost dead.
You hit the steam dragon but do no damage.
The steam dragon is almost dead.
The steam dragon breathes steam at you. The ball of steam hits you!
* * * LOW HITPOINT WARNING * * *
The boulder beetle bites you but does no damage.
Found a scroll labelled AKEEMO COG QUAZENT.
The steam dragon misses you. The steam dragon barely misses you.
You hit the steam dragon but do no damage.
The steam dragon is almost dead.
You are engulfed in a cloud of scalding steam.
* * * LOW HITPOINT WARNING * * *
The steam dragon bites you but does no damage.
The steam dragon barely misses you.
The boulder beetle bites you but does no damage.
You hit the steam dragon. Your bite misses the steam dragon.
The steam dragon is almost dead.
You are engulfed in a cloud of scalding steam.
* * * LOW HITPOINT WARNING * * *
The steam dragon completely misses you. The steam dragon misses you.
The boulder beetle bites you!
You die...

.........# # ....#....# .
##......?...
..##.#.<.#.###...........
#.##.....#.##............
.........................
.........................
#......................#
....................#
................@§.§##
................DB§§§##
..[...^..........§.§§.#
[..##.....).......§...#
#####...............#.#
...#...........#....#..#
..###........|...........
...#............###......
..##............# #....


You could see a boulder beetle and a steam dragon (catching breath).

Vanquished Creatures
  Pikel (D:3)
  Sigmund (D:4)
  A water moccasin (D:7)
  3 ice beasts
  A black bear (D:4)
  4 ogres
  A centaur (D:6)
  2 lemures
  2 necrophages
  A scorpion (D:4)
  2 bullfrogs
  3 wights (D:7)
  A hound (D:5)
  A gnoll bouda (D:5)
  Ijyb (D:4)
  Terence (D:2)
  3 iguanas
  3 orc wizards
  14 gnolls
  11 adders
  A white imp (D:7)
  A worm (D:2)
  2 dart slugs
  13 orcs
  11 ball pythons
  6 bats
  8 endoplasms
  3 giant cockroaches (D:2)
  12 goblins
  3 hobgoblins
  4 jackals
  5 quokkas
  6 frilled lizards
  13 kobolds
  7 rats
152 creatures vanquished.

Vanquished Creatures (collateral kills)
  A sky beast (D:7)
  A bullfrog (D:7)
  A wight (D:7)
3 creatures vanquished.

Vanquished Creatures (others)
  A fungus (D:1)
1 creature vanquished.

Grand Total: 156 creatures vanquished

Notes
Turn   | Place    | Note
-------+----------+-------------------------------------------
     0 | D:1      | cheesebisquit the Vine Stalker Brigand began the quest for
                  | the Orb.
     0 | D:1      | Reached XP level 1. HP: 11/11 MP: 2/2
    54 | D:1      | Found a faded altar of an unknown god.
   221 | D:1      | Reached skill level 5 in Stealth
   420 | D:1      | Reached XP level 2. HP: 15/15 MP: 3/3
  1008 | D:2      | Reached XP level 3. HP: 18/18 MP: 4/4
  1239 | D:2      | Identified the +5 hand axe of the Establishment {drain,
                  | rElec rCorr Dex+2}
  1722 | D:2      | Noticed Terence
  1727 | D:2      | Killed Terence
  1728 | D:2      | Reached skill level 6 in Stealth
  1728 | D:2      | Gained mutation: Your natural rate of healing is unusually
                  | fast. [Vine Stalker growth]
  1728 | D:2      | Reached XP level 4. HP: 23/23 MP: 5/5
  2166 | D:3      | Noticed a necrophage
  2170 | D:3      | Reached XP level 5. HP: 26/26 MP: 6/6
  2182 | D:2      | Reached skill level 7 in Stealth
  2267 | D:3      | Found a shadowy altar of Dithmenos.
  2353 | D:3      | Reached XP level 6. HP: 23/30 MP: 5/7
  2420 | D:3      | Found a basalt altar of Yredelemnul.
  2757 | D:3      | Found a sparkling altar of Nemelex Xobeh.
  2908 | D:4      | Noticed a black bear
  2915 | D:4      | Killed a black bear
  2960 | D:4      | Noticed Pikel
  3034 | D:4      | Noticed Ijyb
  3065 | D:4      | Killed Ijyb
  3149 | D:4      | Reached skill level 8 in Stealth
  3156 | D:4      | Reached XP level 7. HP: 9/34 MP: 4/8
  3451 | D:3      | Killed Pikel
  3452 | D:3      | Reached skill level 9 in Stealth
  3452 | D:3      | Gained mutation: You have razor-sharp teeth. [Vine Stalker
                  | growth]
  3452 | D:3      | Reached XP level 8. HP: 17/38 MP: 6/9
  3532 | D:4      | Found an ancient bone altar of Kikubaaqudgha.
  3632 | D:4      | Found a runed translucent door.
  3633 | D:4      | Noticed Crazy Yiuf
  3722 | D:4      | Reached skill level 10 in Stealth
  3871 | D:4      | Found a runed translucent gate.
  3871 | D:4      | Found a runed translucent gate.
  3871 | D:4      | Found a runed translucent gate.
  3971 | D:4      | Noticed LustLizard's ghost (amateur HOFE)
  4090 | D:5      | Entered Level 5 of the Dungeon
  4139 | D:5      | Noticed Sigmund
  4179 | D:4      | Killed Sigmund
  4404 | D:5      | Identified the +0 cloak "Ofino" {rC+ Int+9}
  4439 | D:5      | Found a shimmering altar of Xom.
  4474 | D:5      | Reached skill level 11 in Stealth
  4801 | D:6      | Found an iron altar of Okawaru.
  4875 | D:6      | Reached XP level 9. HP: 33/42 MP: 7/10
  5478 | D:6      | Reached skill level 12 in Stealth
  5963 | D:7      | Found a staircase to the Ecumenical Temple.
  5979 | Temple   | Entered the Ecumenical Temple
  6062 | Temple   | Became a worshipper of Uskayaw the Reveller
  6104 | D:7      | Reached * piety under Uskayaw
  6118 | D:7      | Reached ** piety under Uskayaw
  6173 | D:7      | Noticed a boulder beetle
  6188 | D:7      | Slain by a boulder beetle

Illustrated notes

Levels and vault maps discovered:
D:1:      dpeg_arrival_tiny_a, layout_basic, shapermc_ecumenical_altar_gd
D:2:      kennysheep_six_static_rooms, layout_basic, kennysheep_generic_room_6,
          uniq_terence
D:3:      layout_loops_ring, mainiacjoe_overflow_six_doors_small,
          yredelemnul_altar_generic, lemuel_doored_altar, hangedman_decor_push
D:4:      layout_gridville, lemuel_crystal_altar, gammafunk_ghost_icy,
          uniq_crazy_yiuf_cottage, uniq_pikel, uniq_ijyb
D:5:      layout_loops_ring, mainiacjoe_overflow_tiny_flanked,
          hangedman_decor_clover_reticule, uniq_sigmund
D:6:      layout_cave_pods, okawaru_gym_becter, hangedman_abyss_or_decor_passed
D:7:      layout_cave_pools, minmay_temple_entry_ruins, minmay_manual_macuahuitl
Temple:   nicolae_temple_great_sept

Skill      XL: |  1  2  3  4  5  6  7  8  9 |
---------------+----------------------------+-----
Stealth        | 5 6 7 8 9 11 12 | 12.8
Short Blades   | 2 3 4 6 7 8 |  8.7
Fighting       | |  1.7
Throwing       | |  1.7
Dodging        | |  0.7

Action                   |  1- 3 |  4- 6 |  7- 9 || total
-------------------------+-------+-------+-------++-------
Melee: Dagger            |    13 |   135 |   300 ||   448
       Short sword       |    75 |    10 |       ||    85
       Bite              |    13 |    42 |   108 ||   163
       Punch             |       |     1 |     7 ||     8
Throw: Dart              |       |       |     3 ||     3
  Use: Scroll            |       |     5 |     7 ||    12
       Potion            |       |       |     2 ||     2
 Stab: Sleeping          |    16 |    10 |     8 ||    34
       Distracted        |     1 |       |     1 ||     2
Armor: Leather armour    |    20 |    45 |    47 ||   112
Dodge: Dodged            |    29 |    71 |   124 ||   224
